[Event "Titled Tuesday Blitz November 22 Late 2022"]
[White "Maksimovic, Bojan"]
[Black "Drygalov, Sergey"]
[WhiteFideId "14408120"]
[BlackFideId "24171743"]
[WhiteElo "2447"]
[BlackElo "2528"]
[Result "1-0"]
[Round "06"]
[TimeControl "180+1"]
[Date "2022.11.22"]
[WhiteClock "0:00:06"]
[BlackClock "0:00:03"]

1. e4 c5 2. Nf3 d6 3. d4 cxd4 4. Nxd4 Nf6 5. Nc3 a6 6. Be2 e5 7. Nb3 Be7 8. O-O O-O 9. Qd3 Be6 10. Bd2 Nbd7 11. Nd5 Bxd5 12. exd5 Ne8 13. a4 Bg5 14. Be1 f5 15. a5 g6 16. Bb4 Rc8 17. c4 Nc5 18. Nxc5 dxc5 19. Bc3 Bf6 20. b4 e4 21. Qd2 Bxc3 22. Qxc3 Qf6 23. Qa3 Qd6 24. Rab1 Rf7 25. b5 Qe5 26. bxa6 bxa6 27. Rb6 Nf6 28. Rxa6 f4 29. Qh3 Rcf8 30. Bg4 Kh8 31. Be6 Rb7 32. Rb6 Rxb6 33. axb6 Rb8 34. Qb3 e3 35. fxe3 fxe3 36. Re1 e2 37. Qd3 Rxb6 38. Qxe2 Qc3 39. Rf1 Rb2 40. Qf3 Qxf3 41. Rxf3 Ne4 42. g4 Kg7 43. h4 Nd6 44. g5 Rb4 45. Ra3 Rxc4 46. Ra7+ Kf8 47. Rxh7 Rd4 48. h5 Rd1+ 49. Kg2 Rd2+ 50. Kf1 gxh5 51. g6 Ne8 52. Rf7+ Kg8 53. Rf2+ Kg7 54. Rxd2 Kxg6 55. d6 Nxd6 56. Rxd6 1-0


[Site "https://www.chess.com"]

[Event "Titled Tuesday Blitz November 22 Late 2022"]
[White "Marchesich, Giovanni"]
[Black "Palencia Morales, Wilson Guillermo"]
[WhiteFideId "2824790"]
[BlackFideId "4401859"]
[WhiteElo "2200"]
[BlackElo "2160"]
[Result "0-1"]
[Round "06"]
[TimeControl "180+1"]
[Date "2022.11.23"]
[WhiteClock "0:01:08"]
[BlackClock "0:00:27"]

1. e4 c5 2. Nf3 d6 3. d4 cxd4 4. Nxd4 Nf6 5. Nc3 g6 6. g3 Bg7 7. Bg2 O-O 8. O-O Nc6 9. h3 Nxd4 10. Qxd4 Be6 11. Qd2 b5 12. Nxb5 Bc4 13. Nd4 Bxf1 14. Kxf1 Rc8 15. c3 Qb6 16. Kg1 Rfd8 17. Qe2 e5 18. Nb3 d5 19. exd5 Nxd5 20. Bg5 f6 21. Rd1 Nxc3 22. bxc3 Rxd1+ 23. Qxd1 fxg5 24. Bd5+ Kh8 25. c4 Rf8 26. c5 Qf6 27. Qe2 e4 28. Bxe4 Re8 29. Qf3 Qe5 30. Bc6 Rf8 31. Qe4 Qb2 32. Qe1 Qxa2 33. Bd5 Qb2 34. c6 Qe5 35. Qxe5 Bxe5 36. Nc5 Bd4 37. Ne6 Bxf2+ 38. Kg2 Bxg3 39. Kxg3 Rc8 40. c7 a5 41. Bb7 Re8 42. Nd8 Re3+ 43. Kg4 Rc3 44. Nc6 Rc4+ 45. Kxg5 Kg7 0-1


[Site "https://www.chess.com"]

[Event "Titled Tuesday Blitz November 22 Late 2022"]
[White "Mayaud, Raphael"]
[Black "Vargas, Mauricio"]
[WhiteFideId "627151"]
[BlackFideId "4404572"]
[WhiteElo "2191"]
[BlackElo "2025"]
[Result "1-0"]
[Round "06"]
[TimeControl "180+1"]
[Date "2022.11.23"]
[WhiteClock "0:00:37"]
[BlackClock "0:00:01"]

1. d4 d5 2. c4 c6 3. Nf3 e6 4. Nbd2 Nf6 5. Qc2 Nbd7 6. e4 Bd6 7. e5 Be7 8. exf6 Nxf6 9. Bd3 a6 10. c5 Nd7 11. Bxh7 g6 12. Bxg6 fxg6 13. Qxg6+ Kf8 14. Qxe6 Nxc5 15. Qe2 Ne6 16. g3 Qe8 17. Ne5 Bf6 18. Ndf3 Ke7 19. Be3 Kd8 20. O-O-O Kc7 21. Kb1 Kb8 22. h4 Ka7 23. Qc2 Be7 24. Ng5 Nc7 25. f4 Rf8 26. g4 Nb5 27. a4 Nd6 28. h5 Kb8 29. h6 Nf5 30. gxf5 Bxf5 31. Nd3 Qg6 32. h7 Rh8 33. Ka1 Ka7 34. Qc3 Bd6 35. Ne5 1-0


[Site "https://www.chess.com"]

[Event "Titled Tuesday Blitz November 22 Late 2022"]
[White "Melikyan, Gnel"]
[Black "Pan, Kevin"]
[WhiteFideId "54109990"]
[BlackFideId "30915708"]
[WhiteElo "2138"]
[BlackElo "2233"]
[Result "1/2-1/2"]
[Round "06"]
[TimeControl "180+1"]
[Date "2022.11.23"]
[WhiteClock "0:00:12"]
[BlackClock "0:00:11"]

1. f4 d5 2. Nf3 Nf6 3. g3 e6 4. Bg2 c6 5. O-O Nbd7 6. d3 b6 7. Nc3 Bb7 8. e4 Qc7 9. Qe2 O-O-O 10. exd5 exd5 11. Bd2 Bd6 12. Rae1 Rhe8 13. Qf2 Ng4 14. Rxe8 Rxe8 15. Re1 Qd8 16. Rxe8 Qxe8 17. Qe2 Qxe2 18. Nxe2 f5 19. Ng5 Ngf6 20. Nd4 Bc5 21. Be3 Ng4 22. b4 Bxb4 23. Nxf5 g6 24. h3 Ngf6 25. Nd4 c5 26. Nb5 d4 27. Nd6+ Kc7 28. Nb5+ Kb8 29. Bf2 a6 30. Nd6 Bd5 31. Bxd5 Nxd5 32. Nxh7 Nc3 33. Nc4 Nxa2 34. h4 Nc3 35. f5 gxf5 36. h5 Nd5 37. h6 N5f6 38. Nxf6 Nxf6 39. Nxb6 Bd2 40. Nd7+ Kc7 41. Nxf6 Bxh6 42. c3 dxc3 43. Nd5+ Kc6 44. Nxc3 Bg7 45. Na4 Bf8 46. Kf1 Kb5 47. Nc3+ Kb4 48. Nd5+ Kb3 49. Ke2 c4 50. dxc4 Kxc4 51. Nb6+ Kb5 52. Nd7 Bd6 53. Nf6 Be5 54. Nd5 Kc4 55. Ne3+ Kb3 56. Nxf5 a5 57. Nd4+ Kc4 58. Nc6 Bc7 59. Kd2 a4 60. Kc2 a3 61. g4 Kd5 62. Nb4+ Ke4 63. g5 Kf5 64. Bh4 Bd8 65. g6 Bf6 66. Nd5 Bg7 67. Ne7+ Ke6 68. Kb3 Bf8 69. Nc6 Kf5 70. Be7 Bg7 71. Bxa3 Kxg6 72. Kc4 Kf5 73. Kd5 Bf6 74. Bd6 Kg6 75. Ke6 Bg5 76. Ne5+ Kh5 77. Kf5 Bh4 78. Ng4 Bg5 79. Bf8 Bh4 80. Bg7 Bg5 81. Nf2 Bh4 82. Ne4 Be7 83. Be5 Kh6 84. Ke6 Ba3 85. Kf7 Kh5 86. Nf6+ Kg5 87. Ke6 Kh4 88. Nd5 Bc1 89. Bf6+ Kg4 90. Bd4 Kg3 91. Nf6 Kf3 92. Kf5 Bd2 93. Ne4 Bc1 94. Be5 Ke2 95. Nd6 Kd3 96. Bf4 Ba3 97. Nf7 Bc5 98. Ne5+ Kd4 99. Nf3+ Kd5 100. Ng5 Bd6 101. Nf3 Bxf4 1/2-1/2


[Site "https://www.chess.com"]

[Event "Titled Tuesday Blitz November 22 Late 2022"]
[White "Mesa Cruz, Juan Carlos"]
[Black "Rios Escobar, Adan"]
[WhiteFideId "6423400"]
[BlackFideId "3403645"]
[WhiteElo "2059"]
[BlackElo "2327"]
[Result "1-0"]
[Round "06"]
[TimeControl "180+1"]
[Date "2022.11.23"]
[WhiteClock "0:00:03"]
[BlackClock "0:00:01"]

1. e4 c5 2. Nf3 d6 3. d4 cxd4 4. Nxd4 Nf6 5. Nc3 a6 6. Bg5 Nbd7 7. f4 g6 8. Qf3 Bg7 9. O-O-O O-O 10. h4 h6 11. Bxf6 Nxf6 12. f5 e5 13. Nde2 b5 14. g4 Bb7 15. g5 Nh5 16. Kb1 Rc8 17. Bh3 Rc4 18. Bg4 Nf4 19. f6 Bh8 20. Nxf4 exf4 21. Qxf4 Rxc3 22. bxc3 Re8 23. Bf3 Qa5 24. Rd3 b4 25. cxb4 Qb5 26. h5 hxg5 27. Qxd6 a5 28. hxg6 fxg6 29. f7+ Kxf7 30. Qd7+ Qxd7 31. Rxd7+ 1-0


[Site "https://www.chess.com"]

[Event "Titled Tuesday Blitz November 22 Late 2022"]
[White "Mgeladze, Tamaz"]
[Black "vjecspec"]
[WhiteFideId "13601202"]
[WhiteElo "2733"]
[BlackElo "2571"]
[Result "1/2-1/2"]
[Round "06"]
[TimeControl "180+1"]
[Date "2022.11.23"]
[WhiteClock "0:01:51"]
[BlackClock "0:00:45"]

1. c4 g6 2. Nc3 Bg7 3. g3 c5 4. Bg2 Nc6 5. Nf3 d6 6. O-O e6 7. a3 Nge7 8. Rb1 O-O 9. b4 Qd7 10. e3 Nf5 11. Qb3 b6 12. Bb2 Bb7 13. d3 Rab8 14. Ne4 e5 15. Bc3 Ba8 16. b5 Nd8 17. Qb2 Ne7 18. Ned2 f5 19. Rbd1 Ne6 20. a4 g5 21. h4 gxh4 22. Nxh4 Bxg2 23. Kxg2 Ng6 24. Nxg6 hxg6 25. Rh1 Qb7+ 26. f3 Rbe8 27. e4 f4 28. g4 Kf7 29. Rh2 Rh8 30. Rdh1 Ng5 31. Qc1 Qc8 32. a5 Rxh2+ 33. Rxh2 Rh8 34. Rxh8 Qxh8 35. Qh1 Qxh1+ 36. Kxh1 Bf6 37. a6 Ne6 38. Kg2 Bh4 39. Kf1 Ke8 40. Ke2 Kd7 41. Nb1 Nc7 42. Na3 Be7 43. Be1 g5 44. Nc2 Bf6 45. Bd2 Be7 46. Ne1 Bf6 47. Ng2 Be7 48. Kd1 Bf6 49. Kc2 Ne6 50. Ne1 Nd4+ 51. Kd1 Ne6 52. Bc3 Be7 53. Ke2 Kc7 54. Nc2 Kd7 55. Ne1 Kc7 56. Nc2 Kd7 57. Na3 Kc7 58. Nb1 Kd7 59. Nd2 Kc7 60. Nb3 Kd7 61. Kd2 Bd8 62. Kc2 Be7 63. Kb2 Bd8 64. Ka3 Nf8 65. Ka4 Ng6 66. Nd2 Nh4 67. Kb3 Be7 68. Kc2 Bd8 69. Kd1 Be7 70. Ke2 Bd8 71. Kf2 Be7 72. Nb3 Ng6 73. Nc1 Bd8 74. Ne2 Nf8 75. Be1 Ne6 76. Nc3 Nc7 77. Ke2 Be7 78. Nd5 Nxd5 79. cxd5 Bd8 80. Kd2 Bf6 81. Kc3 Kc7 82. Kc4 Kb8 83. Bc3 Kc7 84. Bb2 Kd7 85. Bc1 Kc7 86. Bd2 Kd7 87. Be1 Kc7 88. Bf2 Kd7 89. Kb3 Kc7 90. Kc2 Kd7 91. Kd2 Kc7 92. Kc3 Kd7 93. Kc4 Kc7 1/2-1/2


[Site "https://www.chess.com"]

[Event "Titled Tuesday Blitz November 22 Late 2022"]
[White "Naroditsky, Daniel"]
[Black "Shimanov, Aleksandr"]
[WhiteFideId "2026961"]
[BlackFideId "4198603"]
[WhiteElo "2628"]
[BlackElo "2605"]
[Result "1-0"]
[Round "06"]
[TimeControl "180+1"]
[Date "2022.11.22"]
[WhiteClock "0:00:08"]
[BlackClock "0:00:02"]

1. d4 d5 2. Bf4 c5 3. e3 cxd4 4. exd4 Nc6 5. c3 Bf5 6. Qb3 Qd7 7. Nd2 e6 8. Ngf3 a6 9. Be2 Nf6 10. O-O Be7 11. a4 O-O 12. Rfe1 Ne4 13. h3 Rac8 14. Nxe4 Bxe4 15. Ne5 Nxe5 16. Bxe5 Qc6 17. Bf1 Bg6 18. a5 Rfe8 19. Rec1 Bg5 20. Rd1 Bh5 21. Re1 Bg6 22. Ra4 Be7 23. c4 dxc4 24. Rxc4 Qd7 25. Rec1 Rxc4 26. Qxc4 Be4 27. Qe2 Bc6 28. Qg4 Bf8 29. Bd3 g6 30. Qf4 Bg7 31. Bxg7 Kxg7 32. Qe5+ Kg8 33. Be4 Bxe4 34. Qxe4 Rd8 35. b4 Qd5 36. Qxd5 Rxd5 37. Rc4 g5 38. Kf1 Kg7 39. Ke2 Kf6 40. Ke3 h5 41. g4 hxg4 42. hxg4 Rb5 43. Ke4 Ke7 44. f3 Kd6 45. Kd3 f6 46. Kc3 e5 47. dxe5+ Rxe5 48. Kd3 Re1 49. Kd2 Rb1 50. Ke3 Re1+ 51. Kd2 Rb1 52. Ke3 Re1+ 53. Kf2 Rb1 54. Re4 Rb3 55. Ke2 Kd5 56. Kf2 Kc6 57. Re6+ Kd5 58. Rb6 Kc4 59. Rxb7 Rxb4 60. Rb6 Rb5 61. Rxa6 f5 62. Rc6+ Kd5 63. Rf6 fxg4 64. Rf5+ Kc4 65. Rxb5 Kxb5 66. fxg4 Kxa5 67. Ke3 Kb5 68. Ke4 Kc5 69. Kf5 Kd6 70. Kxg5 Ke7 71. Kg6 Kf8 72. Kh7 Kf7 73. g5 1-0


[Site "https://www.chess.com"]

[Event "Titled Tuesday Blitz November 22 Late 2022"]
[White "Necromon"]
[Black "Kaganskiy, Gleb"]
[BlackFideId "4132025"]
[WhiteElo "2469"]
[BlackElo "2165"]
[Result "1-0"]
[Round "06"]
[TimeControl "180+1"]
[Date "2022.11.23"]
[WhiteClock "0:02:14"]
[BlackClock "0:01:46"]

1. Nf3 d5 2. g3 g6 3. Bg2 Bg7 4. c4 d4 5. d3 e5 6. O-O Ne7 7. b4 O-O 8. Na3 c6 9. Nc2 f5 10. e3 dxe3 11. Bxe3 e4 12. Nfd4 exd3 13. Qxd3 Qc7 14. Rad1 Rd8 15. Qb3 Na6 16. Rfe1 1-0


[Site "https://www.chess.com"]

[Event "Titled Tuesday Blitz November 22 Late 2022"]
[White "Oganian, Miran"]
[Black "Kamsky, Gata"]
[WhiteFideId "4122488"]
[BlackFideId "2000024"]
[WhiteElo "2323"]
[BlackElo "2666"]
[Result "1/2-1/2"]
[Round "06"]
[TimeControl "180+1"]
[Date "2022.11.22"]
[WhiteClock "0:00:06"]
[BlackClock "0:00:06"]

1. e4 c5 2. Nf3 e6 3. c3 Nf6 4. e5 Nd5 5. d4 cxd4 6. cxd4 Nc6 7. Bc4 d6 8. O-O Nb6 9. Bb3 dxe5 10. dxe5 Qxd1 11. Rxd1 Be7 12. Nc3 O-O 13. Be3 Nd7 14. Nb5 Nc5 15. Rac1 b6 16. Nd6 Rd8 17. Bxc5 bxc5 18. Ne4 Rxd1+ 19. Rxd1 Ba6 20. Rd7 Be2 21. Rc7 c4 22. Ba4 Bxf3 23. gxf3 Nxe5 24. Rxe7 Nxf3+ 25. Kg2 Ne5 26. Rc7 h6 27. Rc5 f6 28. Nd6 Rb8 29. Nxc4 Nxc4 30. Rxc4 Rxb2 31. Bb3 Kf8 32. Rc8+ Ke7 33. Rc7+ Kd6 34. Rxg7 a5 35. Ra7 e5 36. Ra6+ Kc5 37. Rxa5+ Kd4 38. Rd5+ Ke4 39. Rd6 Kf5 40. Rd8 Kf4 41. Rh8 e4 42. Rxh6 f5 43. Rh4+ Kg5 44. Rh3 f4 45. Rh8 e3 46. Rg8+ Kh4 47. Rh8+ Kg5 48. h4+ Kf5 49. Rf8+ Ke5 50. Re8+ Kf5 51. Be6+ Kf6 52. Bh3 Rxf2+ 53. Kg1 Rxa2 54. Bg4 Rf2 55. Re6+ Kf7 56. Re4 Kf6 57. Re8 Kf7 58. Re4 Kf6 59. h5 Kg5 60. Bd1 Rd2 61. Bf3 Rf2 62. Bg2 Kxh5 63. Re5+ Kg4 64. Re8 f3 65. Rg8+ Kh4 66. Rh8+ Kg5 67. Rg8+ Kh6 68. Bf1 Rd2 69. Rh8+ Kg5 70. Rg8+ Kh6 71. Rh8+ Kg7 72. Re8 e2 73. Bxe2 fxe2 74. Kf2 Kf7 75. Rxe2 Rxe2+ 76. Kxe2 1/2-1/2


[Site "https://www.chess.com"]

[Event "Titled Tuesday Blitz November 22 Late 2022"]
[White "Osmak, Yuliia"]
[Black "Haszon, David"]
[WhiteFideId "14101602"]
[BlackFideId "733610"]
[WhiteElo "2328"]
[BlackElo "2211"]
[Result "1-0"]
[Round "06"]
[TimeControl "180+1"]
[Date "2022.11.23"]
[WhiteClock "0:01:12"]
[BlackClock "0:00:26"]

1. e4 c5 2. Nf3 d6 3. d4 cxd4 4. Nxd4 Nf6 5. Nc3 a6 6. h3 g6 7. g4 Bg7 8. Bg2 O-O 9. O-O Nc6 10. Be3 Rb8 11. Qd2 Nd7 12. Rad1 Nxd4 13. Bxd4 Bxd4 14. Qxd4 Qb6 15. Nd5 Qd8 16. f4 b5 17. e5 dxe5 18. fxe5 Bb7 19. e6 Bxd5 20. Bxd5 Nf6 21. exf7+ Kh8 22. Qe5 Qb6+ 23. Kh1 h6 24. Qxe7 Nxd5 25. Rxd5 Qc6 26. Qf6+ Qxf6 27. Rxf6 Kg7 28. Rdd6 a5 29. Rxg6+ Kxf7 30. Rdf6+ Ke7 31. Rxf8 Rxf8 32. Rxh6 Rf2 33. Rc6 Kd7 34. Rc5 b4 35. Rxa5 Rxc2 36. b3 Ke6 37. h4 Kf6 38. h5 Rd2 39. g5+ Kg7 40. Ra7+ 1-0


[Site "https://www.chess.com"]

[Event "Titled Tuesday Blitz November 22 Late 2022"]
[White "Papasimakopoulos, Alexandros"]
[Black "Keymer, Vincent"]
[WhiteFideId "4244125"]
[BlackFideId "12940690"]
[WhiteElo "2365"]
[BlackElo "2600"]
[Result "1-0"]
[Round "06"]
[TimeControl "180+1"]
[Date "2022.11.22"]
[WhiteClock "0:01:26"]
[BlackClock "0:00:02"]

1. d4 Nf6 2. c4 e6 3. Nc3 Bb4 4. Qc2 c5 5. dxc5 O-O 6. a3 Bxc5 7. Nf3 d5 8. cxd5 exd5 9. b4 Bb6 10. Bb2 Nc6 11. Rd1 Bg4 12. e3 Bxf3 13. gxf3 Rc8 14. Bh3 Rc7 15. O-O Ne5 16. Qf5 Qc8 17. Qxc8 Rfxc8 18. Bxc8 Rxc8 19. Nxd5 Nxf3+ 20. Kg2 Nxd5 21. Rxd5 Nh4+ 22. Kh3 Ng6 23. Rfd1 h6 24. Bd4 Rc2 25. Bxb6 axb6 26. R1d2 Rc3 27. R5d3 Rc1 28. Rd1 Rc2 29. Kg3 Ne7 30. e4 Ng6 31. Rd5 f6 32. f4 Kh7 33. Rd7 h5 34. h4 Rc4 35. R1d4 Rc1 36. f5 Ne5 37. Rxb7 Rc4 38. Rxc4 1-0


[Site "https://www.chess.com"]

[Event "Titled Tuesday Blitz November 22 Late 2022"]
[White "Piesik, Piotr"]
[Black "Manelyuk, Daniil"]
[WhiteFideId "1136194"]
[BlackFideId "44173920"]
[WhiteElo "2695"]
[BlackElo "2561"]
[Result "0-1"]
[Round "06"]
[TimeControl "180+1"]
[Date "2022.11.23"]
[WhiteClock "0:00:14"]
[BlackClock "0:00:10"]

1. Nf3 c5 2. e4 d6 3. Bb5+ Bd7 4. Bxd7+ Qxd7 5. c4 Nc6 6. Nc3 g6 7. d4 cxd4 8. Nxd4 Bg7 9. Be3 Nf6 10. f3 O-O 11. O-O Rfc8 12. b3 Rab8 13. Rc1 a6 14. Nce2 b5 15. c5 dxc5 16. Rxc5 Nxd4 17. Bxd4 Rd8 18. Qa1 Nxe4 19. fxe4 Bxd4+ 20. Nxd4 Qxd4+ 21. Qxd4 Rxd4 22. e5 Re4 23. Rd1 Rb6 24. Kf2 Re6 25. Rdd5 Kg7 26. Kf3 Re1 27. Kf2 Ra1 28. Rd2 b4 29. Re2 Rd1 30. g4 Rd4 31. Kf3 g5 32. Re4 Rxe4 33. Kxe4 f6 34. Kf5 Rxe5+ 35. Rxe5 fxe5 36. Kxg5 e6 37. Kh4 e4 38. Kg3 Kf6 39. Kf4 e3 40. Kxe3 Kg5 41. Kf3 Kh4 42. Kf4 h6 43. Kf3 e5 44. Ke4 Kxg4 45. Kxe5 Kh3 46. Kf5 Kxh2 47. Kg6 Kg3 48. Kxh6 Kf2 49. Kg5 Ke2 50. Kf4 Kd2 51. Ke4 Kc2 52. Kd4 Kb2 53. Kc4 a5 54. Kb5 Kxa2 55. Ka4 Kb2 56. Kxa5 Kxb3 0-1


[Site "https://www.chess.com"]

[Event "Titled Tuesday Blitz November 22 Late 2022"]
[White "Poliakova, Varvara"]
[Black "Rosenberg, Evan S"]
[WhiteFideId "13518313"]
[BlackFideId "2019299"]
[WhiteElo "2099"]
[BlackElo "2390"]
[Result "1-0"]
[Round "06"]
[TimeControl "180+1"]
[Date "2022.11.23"]
[WhiteClock "0:02:03"]
[BlackClock "0:00:06"]

1. f4 g6 2. e4 d5 3. e5 c5 4. g3 h5 5. Bg2 h4 6. g4 Nc6 7. h3 g5 8. d3 gxf4 9. Bxf4 Bh6 10. Bxh6 Nxh6 11. Nf3 e6 12. O-O Bd7 13. Nc3 a6 14. Qd2 Qe7 15. Ne2 O-O-O 16. d4 cxd4 17. Nexd4 Rdg8 18. Nxc6 Bxc6 19. Nd4 Nxg4 20. hxg4 Rxg4 21. Nxc6 bxc6 22. Qe2 Qa7+ 23. Rf2 Rhg8 24. Kh1 Rg3 25. Raf1 h3 26. Bf3 h2 27. Rg2 Kb8 28. Rxg3 Rxg3 29. Qxh2 Rg8 30. Rg1 Rxg1+ 31. Qxg1 Qb7 32. b3 c5 33. Qxc5 1-0


[Site "https://www.chess.com"]

[Event "Titled Tuesday Blitz November 22 Late 2022"]
[White "Polster, Christian"]
[Black "Gerbelli Neto, Eduardo"]
[WhiteFideId "12965081"]
[BlackFideId "2103281"]
[WhiteElo "2209"]
[BlackElo "2178"]
[Result "0-1"]
[Round "06"]
[TimeControl "180+1"]
[Date "2022.11.23"]
[WhiteClock "0:00:01"]
[BlackClock "0:00:05"]

1. e4 e5 2. Nf3 Nc6 3. Bc4 Nf6 4. Ng5 d5 5. exd5 Nd4 6. c3 b5 7. Bf1 Nxd5 8. cxd4 Qxg5 9. Nc3 exd4 10. Bxb5+ Kd8 11. O-O Nxc3 12. dxc3 Qxb5 13. Qxd4+ Bd7 14. Rd1 Kc8 15. a4 Qc6 16. b4 f6 17. Bf4 Bd6 18. b5 Qc5 19. Bxd6 Qxd4 20. Rxd4 cxd6 21. Rxd6 Kc7 22. Ra6 Rhe8 23. c4 Re6 24. Ra5 Kb6 25. Ra6+ Kc5 26. Ra5 Kb4 27. Ra6 Rxa6 28. bxa6 Kxc4 29. f3 Rb8 30. Rc1+ Kd5 31. Rc7 Kd6 32. Rxa7 Kc6 33. Kf2 g5 34. a5 h5 35. Ke3 Rb5 36. Ra8 Rxa5 37. Rf8 f5 38. Rf6+ Kc7 39. g3 g4 40. fxg4 hxg4 41. Kf4 Kb8 42. Kg5 Ka7 43. Kh4 Rxa6 44. Rf7 Rd6 45. h3 gxh3 46. Kxh3 Kb6 47. Kg2 Kc5 48. Kf3 Kd5 49. Rf8 Ke5 50. Rd8 Be6 51. Rb8 Rd3+ 52. Kf2 Bd5 53. Re8+ Kd4 54. Rf8 Rf3+ 55. Kg2 Re3+ 56. Kf2 Re5 57. Rf6 Ke4 58. Rf8 Re7 59. Rf6 Ke5 60. Rf8 Rc7 61. Rd8 Rc2+ 62. Kf1 Ke4 63. Rf8 Ke3 64. Rxf5 Rc1# 0-1


[Site "https://www.chess.com"]

[Event "Titled Tuesday Blitz November 22 Late 2022"]
[White "Popilski, Gil"]
[Black "Milchev, Nikolay"]
[WhiteFideId "2809060"]
[BlackFideId "2906090"]
[WhiteElo "2710"]
[BlackElo "2570"]
[Result "1-0"]
[Round "06"]
[TimeControl "180+1"]
[Date "2022.11.23"]
[WhiteClock "0:00:55"]
[BlackClock "0:00:39"]

1. c4 Nf6 2. Nc3 g6 3. g3 Bg7 4. Bg2 O-O 5. Nf3 d6 6. O-O Nc6 7. d4 a6 8. Bf4 Rb8 9. Rc1 Bd7 10. d5 Na5 11. b3 c5 12. Qd2 b5 13. Nd1 bxc4 14. bxc4 Rb4 15. Ne3 Ne4 16. Qd3 f5 17. Ng5 Nxg5 18. Bxg5 Rf7 19. h4 h6 20. Bf4 Rb2 21. Qa3 Qb6 22. Nd1 Qb4 23. Qe3 Kh7 24. Nxb2 Qxb2 25. Qd2 Qa3 26. e4 Qa4 27. Qe2 Bd4 28. exf5 Bxf5 29. h5 g5 30. Be3 Bf6 31. Bd2 Qxa2 32. Be4 Bxe4 33. Qxe4+ Kg8 34. Bxa5 Qxa5 35. Rb1 Qc7 36. Qg6+ Bg7 37. Rb3 Rf6 38. Qe8+ Kh7 39. Rb8 Bf8 40. Re1 a5 41. Re6 1-0


[Site "https://www.chess.com"]

[Event "Titled Tuesday Blitz November 22 Late 2022"]
[White "Principe, Gerson"]
[Black "Fernandez Guillen, Ernesto J."]
[WhiteFideId "3804550"]
[BlackFideId "3512428"]
[WhiteElo "2584"]
[BlackElo "2751"]
[Result "0-1"]
[Round "06"]
[TimeControl "180+1"]
[Date "2022.11.23"]
[WhiteClock "0:00:02"]
[BlackClock "0:00:31"]

1. d4 Nf6 2. Nf3 e6 3. c4 b6 4. e3 Bb7 5. Be2 Be7 6. O-O O-O 7. b3 d5 8. Bb2 Nbd7 9. Nc3 a6 10. cxd5 exd5 11. Ne5 Bd6 12. f4 Ne4 13. Nxe4 dxe4 14. Rc1 Nf6 15. Qd2 Nd5 16. a3 b5 17. Nc6 Qe8 18. Na5 Bc8 19. Rc2 f6 20. g3 h5 21. b4 Qg6 22. Kh1 Bh3 23. Rg1 Bg4 24. Bc1 Bxe2 25. Qxe2 Qg4 26. Qxg4 hxg4 27. Bd2 Kf7 28. Kg2 Rh8 29. Nb7 Ke6 30. Na5 Rh3 31. Rh1 Ne7 32. Nc6 Nf5 33. Rc3 Kd5 34. Na5 Rah8 35. Be1 g5 36. Bf2 gxf4 37. exf4 e3 38. Bxe3 Nxg3 39. hxg3 Rxh1 40. Bg1 R1h6 41. Nb3 Re8 42. Rc2 Re1 43. Nc1 Rh8 44. Ne2 Re8 45. Nc3+ Kc4 46. Ne4+ Kd3 47. Nxd6 Kxc2 48. Nxe8 Rxe8 49. Kf2 c6 50. f5 Kd3 51. Kf1 Re2 0-1


[Site "https://www.chess.com"]

[Event "Titled Tuesday Blitz November 22 Late 2022"]
[White "Prydun, Andriy"]
[Black "Trent, Lawrence"]
[WhiteFideId "14145898"]
[BlackFideId "408638"]
[WhiteElo "2163"]
[BlackElo "2458"]
[Result "0-1"]
[Round "06"]
[TimeControl "180+1"]
[Date "2022.11.23"]
[WhiteClock "0:00:23"]
[BlackClock "0:01:51"]

1. e4 c5 2. Nf3 Nc6 3. c3 d5 4. exd5 Qxd5 5. Qb3 Nf6 6. Qxd5 Nxd5 7. g3 e6 8. Be2 Be7 9. O-O O-O 10. d3 e5 11. Nbd2 f6 12. Nc4 b6 13. Ne3 Be6 14. Nxd5 Bxd5 15. Be3 Rad8 16. Rfd1 Bd6 17. Nd2 f5 18. f4 exf4 19. Bxf4 Bxf4 20. gxf4 Rfe8 21. Kf2 Rd6 22. Rh1 Bxh1 23. Rxh1 Ne7 24. Nc4 Rh6 25. Bf3 Ng6 26. Bd5+ Kh8 27. Nd6 Rf8 28. Nf7+ Rxf7 29. Bxf7 Nxf4 30. d4 cxd4 31. cxd4 g5 32. h4 Kg7 33. Bc4 g4 34. Re1 Rxh4 35. Re7+ Kf6 36. Rxa7 Rh3 37. Rb7 Rf3+ 38. Kg1 h5 39. Rxb6+ Kg5 40. d5 Kh4 41. d6 Nh3+ 42. Kg2 Rf2+ 43. Kh1 g3 44. Bd5 Rh2# 0-1


[Site "https://www.chess.com"]

[Event "Titled Tuesday Blitz November 22 Late 2022"]
[White "Rasulov, Vugar"]
[Black "Paravyan, David"]
[WhiteFideId "13402390"]
[BlackFideId "4194985"]
[WhiteElo "2509"]
[BlackElo "2546"]
[Result "0-1"]
[Round "06"]
[TimeControl "180+1"]
[Date "2022.11.22"]
[WhiteClock "0:00:02"]
[BlackClock "0:00:21"]

1. d4 Nf6 2. c4 g6 3. Nc3 d5 4. Nf3 Bg7 5. Bg5 Ne4 6. cxd5 Nxg5 7. Nxg5 e6 8. Qd2 h6 9. Nf3 exd5 10. e3 a5 11. Be2 O-O 12. O-O c6 13. Rfe1 Nd7 14. e4 dxe4 15. Nxe4 Nf6 16. Bc4 Nxe4 17. Rxe4 b5 18. Bd3 Bf5 19. Ree1 Bg4 20. Be4 Qd6 21. Rac1 Rac8 22. Qxa5 Bxf3 23. Bxf3 Bxd4 24. Qd2 c5 25. Qxh6 Bg7 26. Qg5 Bxb2 27. Rcd1 Bd4 28. h4 Qf6 29. Qg4 Rcd8 30. h5 Qf5 31. Qg3 Kg7 32. Be4 Qxh5 33. Bf3 Qh6 34. Bg4 Qg5 35. Kf1 Ra8 36. f4 Qf6 37. Re2 Rh8 38. Bh3 Rh4 39. f5 Qxf5+ 40. Ke1 Qf6 41. Rd3 Rf4 42. Rf3 Rxf3 43. gxf3 Ra3 44. Bg4 Qg5 45. Kf1 Re3 46. Rh2 Be5 47. Qh4 Qxh4 48. Rxh4 f5 49. Kf2 Bd4 50. Bh3 Re4+ 51. Kg3 Bf2+ 52. Kxf2 Rxh4 53. Kg3 Ra4 0-1


[Site "https://www.chess.com"]

[Event "Titled Tuesday Blitz November 22 Late 2022"]
[White "Riff, Vincent"]
[Black "Bogaudinov, Rushan"]
[WhiteFideId "617776"]
[BlackFideId "4129288"]
[WhiteElo "2369"]
[BlackElo "1997"]
[Result "1-0"]
[Round "06"]
[TimeControl "180+1"]
[Date "2022.11.23"]
[WhiteClock "0:00:50"]
[BlackClock "0:00:20"]

1. d4 Nf6 2. Nf3 g6 3. c4 Bg7 4. Nc3 d5 5. cxd5 Nxd5 6. Na4 O-O 7. e4 Nf6 8. Nc3 b6 9. Bd3 Bb7 10. O-O Nbd7 11. Re1 Ne8 12. Bg5 f6 13. Bh4 c5 14. Rc1 Rc8 15. a4 Kh8 16. d5 Nd6 17. Nb5 a6 18. Nxd6 exd6 19. Qe2 Ra8 20. Nd2 Ne5 21. f4 Nxd3 22. Qxd3 Qe8 23. Nc4 Qd8 24. f5 b5 25. Ne3 Qb6 26. fxg6 hxg6 27. e5 f5 28. e6 c4 29. Qe2 Bxd5 30. Bf2 Bd4 31. Nxd5 Bxf2+ 32. Qxf2 Qxf2+ 33. Kxf2 Rae8 34. axb5 axb5 35. Ra1 f4 36. Nc7 Re7 37. Nxb5 d5 38. Nd4 Rb8 39. Re2 Kg7 40. Nc6 Rbe8 41. Nxe7 Rxe7 42. Rd1 Kf6 43. Rxd5 g5 44. Rd7 Rxe6 45. Rxe6+ Kxe6 46. Rc7 1-0


[Site "https://www.chess.com"]

[Event "Titled Tuesday Blitz November 22 Late 2022"]
[White "Risteski, Emil"]
[Black "Remolar Gallen, Jose"]
[WhiteFideId "15005267"]
[BlackFideId "2215187"]
[WhiteElo "2251"]
[BlackElo "2252"]
[Result "1-0"]
[Round "06"]
[TimeControl "180+1"]
[Date "2022.11.23"]
[WhiteClock "0:02:03"]
[BlackClock "0:01:25"]

1. d4 Nf6 2. c4 g6 3. Nc3 Bg7 4. e4 d6 5. Nf3 O-O 6. Be2 e5 7. d5 Na6 8. Nd2 Nh5 9. Bxh5 gxh5 10. Qxh5 f5 11. exf5 Bxf5 12. Nde4 Nb4 13. O-O Nc2 14. Bg5 Qe8 15. Qxe8 Raxe8 16. Rad1 h6 17. Be3 Nxe3 18. fxe3 Bg4 19. Rxf8+ Rxf8 20. Rf1 h5 21. Rxf8+ Bxf8 22. Kf2 a6 23. Nf6+ Kf7 24. Nxg4 hxg4 25. Kg3 Bh6 26. Nd1 e4 27. Kxg4 Kf6 28. h4 Ke5 29. Kh5 Bf8 30. Kg6 b5 31. b3 a5 32. h5 1-0


[Site "https://www.chess.com"]

[Event "Titled Tuesday Blitz November 22 Late 2022"]
[White "Robson, Ray"]
[Black "Drygalov, Andrey"]
[WhiteFideId "2023970"]
[BlackFideId "24171735"]
[WhiteElo "2668"]
[BlackElo "2472"]
[Result "1-0"]
[Round "06"]
[TimeControl "180+1"]
[Date "2022.11.22"]
[WhiteClock "0:00:23"]
[BlackClock "0:00:06"]

1. e4 c5 2. Nf3 d6 3. d4 cxd4 4. Nxd4 Nf6 5. Nc3 a6 6. Be3 e5 7. Nb3 Be7 8. f3 Be6 9. Qd2 Nbd7 10. g4 O-O 11. O-O-O b5 12. g5 Nh5 13. Nd5 Bxd5 14. exd5 f6 15. g6 hxg6 16. Na5 f5 17. Rg1 Kh7 18. Kb1 Qe8 19. c4 bxc4 20. Bxc4 Bf6 21. Rg2 Nf4 22. Bxf4 exf4 23. Qxf4 Ne5 24. Bb3 Rb8 25. Nc6 Nxc6 26. dxc6 Qxc6 27. Rxd6 Qc5 28. Qg3 g5 29. Rd5 Qc8 30. Qh3+ Kg6 31. f4 Rh8 32. Qd3 g4 33. Rxg4+ Kh7 34. Qh3+ 1-0


[Site "https://www.chess.com"]